 Dungeon Crawl Stone Soup version 0.19.4 (webtiles) character file.

144 Jerry the Shield-Bearer (level 5, -2/41 HPs)
             Began as a Formicid Fighter on Feb 5, 2017.
             Killed by nerve-wracking pain
             ... invoked by Grinder
              (9 damage)
             ... on level 3 of the Dungeon.
             The game lasted 00:03:42 (2074 turns).

Jerry the Shield-Bearer (Formicid Fighter)          Turns: 2074, Time: 00:03:42

Health: -2/41      AC:  8    Str: 20    XL:     5   Next: 52%
Magic:  5/5        EV:  8    Int:  9    God:
Gold:   103        SH: 14    Dex: 10    Spells: 0 memorised, 4 levels left

rFire  . . .     SeeInvis +     a - +0 war axe
rCold  . . .     Gourm    .     b - +0 scale mail
rNeg   . . .     Faith    .     c - +0 shield
rPois  .         Spirit   .     (helmet unavailable)
rElec  .         Reflect  +     (no cloak)
rCorr  .         Harm     .     n - +0 pair of gloves
MR     .....                    (no boots)
Stlth  +.........               u - +5 amulet of reflection
                                s - ring of teleportation (curse)
                                j - ring of stealth

@: no status effects
A: permanent stasis, dig shafts and tunnels, four strong arms, antennae 3
a: Dig, Shaft Self


You were on level 3 of the Dungeon.
You were not hungry.

You visited 1 branch of the dungeon, and saw 3 of its levels.

You collected 103 gold pieces.

Inventory:

Hand Weapons
 a - a +0 war axe (weapon)
Armour
 b - a +0 scale mail (worn)
 c - a +0 shield (worn)
 n - a +0 pair of gloves (worn)
Jewellery
 j - a ring of stealth (left hand)
 s - a cursed ring of teleportation (right hand)
 u - a +5 amulet of reflection (around neck)
Scrolls
 e - a scroll of random uselessness {unknown}
 h - 4 scrolls of identify
 k - a scroll of recharging {unknown}
 l - a scroll of blinking {unknown}
 p - 5 scrolls of remove curse {unknown}
 r - a scroll of fear {unknown}
 t - a scroll of immolation {unknown}
 x - a scroll of magic mapping {unknown}
Potions
 d - a potion of might
 i - 2 potions of flight {unknown}
 q - a potion of ambrosia {unknown}
 v - a potion of curing
 w - 2 potions of lignification {unknown}
 z - a potion of magic {unknown}
Comestibles
 f - 2 bread rations
 g - 3 chunks of flesh
 m - a meat ration
 o - 2 slices of pizza


   Skills:
 - Level 3.2 Fighting
 * Level 3.8 Axes
 + Level 4.3 Armour
 + Level 4.7 Shields


You had 4 spell levels left.
You didn't know any spells.

Dungeon Overview and Level Annotations

Branches:
Dungeon (3/15)

Altars:

Annotations:
D:3 Grinder


Innate Abilities, Weirdness & Mutations

You are under a permanent stasis effect.
You can dig through walls and to a lower floor.
Your four strong arms can wield two-handed weapons with a shield.
You have a pair of large antennae on your head. (SInv)


Message History

You are too injured to fight recklessly!
You are too injured to fight recklessly!
You feel better. You block Grinder's attack.
You hit Grinder.
Grinder is severely wounded.
Grinder gestures at you. You resist with significant effort.
You closely miss Grinder.
Grinder is severely wounded.
Grinder blinks!
Grinder gestures at you. You resist with significant effort.
Some of the chunks of flesh in your inventory have rotted away.
Grinder gestures at you. Pain shoots through your body!
* * * LOW HITPOINT WARNING * * *
You are too injured to fight recklessly!
Grinder gestures at you. Pain shoots through your body!
You die...

############ #####
##..........# ....#
##............ ....#
#######5............
....####...................
....##...#####..@..........
....#..### #.......?.....
....)<## #.............
....### ##............
...(# ##..........# ....#
##.######### #.### #####..#
#.# ####.....## ..#
##....#####


You could see Grinder.

Vanquished Creatures
  Jessica (D:2)
  Robin (D:2)
  2 adders (D:2)
  3 worms (D:2)
  A dart slug (D:1)
  3 leopard geckos
  4 orcs (D:3)
  4 giant cockroaches
  16 goblins
  10 hobgoblins
  2 quokkas (D:2)
  A ball python (D:2)
  5 bats
  5 frilled lizards
  3 kobolds
  6 rats
67 creatures vanquished.

Notes
Turn   | Place    | Note
-------+----------+-------------------------------------------
     0 | D:1      | Jerry the Formicid Fighter began the quest for the Orb.
     0 | D:1      | Reached XP level 1. HP: 18/18 MP: 1/1
    89 | D:1      | Reached XP level 2. HP: 22/24 MP: 2/2
   172 | D:1      | You fall through a shaft!
   390 | D:1      | Reached XP level 3. HP: 28/29 MP: 3/3
   864 | D:2      | Noticed Jessica
   869 | D:2      | Killed Jessica
   869 | D:2      | Reached XP level 4. HP: 35/35 MP: 4/4
   886 | D:2      | Found a faded altar of an unknown god.
  1049 | D:2      | You fall through a shaft!
  1128 | D:2      | Noticed Robin
  1135 | D:2      | Killed Robin
  1136 | D:2      | Reached XP level 5. HP: 21/41 MP: 5/5
  2052 | D:3      | Noticed Grinder
  2069 | D:3      | HP: 1/41 [Grinder/nerve-wracking pain (13)]
  2074 | D:3      | Killed from afar by Grinder

Skill      XL: |  1  2  3  4 |
---------------+-------------+-----
Axes           | 3 |  3.8
Shields        | 4 |  4.7
Armour         | 4 |  4.3
Fighting       | |  3.2

Action                   |  1- 3 |  4- 6 || total
-------------------------+-------+-------++-------
Melee: War axe           |    90 |   116 ||   206
 Abil: Dig               |       |     1 ||     1
  Use: Scroll            |       |     1 ||     1
       Potion            |       |     1 ||     1
  Eat: Chunk             |       |     4 ||     4
Armor: Scale mail        |    50 |    61 ||   111
Dodge: Dodged            |    36 |    38 ||    74
Block: Shield            |    48 |    76 ||   124
